Map: Kairos Junction LE

Players

Lambo - Winner!

  • Race: Zerg Zerg
  • League: Master
  • Spawn Location: 5:00

MarineLorD

  • Race: Terran Terran
  • League: Grandmaster
  • Spawn Location: 11:00

VOD

Have the link to the VOD?

Description

Time

  • Played on: Jan. 12, 2019, 10:21 a.m.
  • Length: 9:40
Show
View Real Time Build Order
Export as new Build Order

Lambo Zerg - Winner!

Build Orders: Hatch First 

Get SALT Encoding   

  12  0:00  Drone  
  13  0:13  Overlord  
  13  0:16  Drone  
  14  0:31  Drone x2  
  16  0:49  Hatchery  
  15  0:51  Drone  
  15  0:54  Drone  
  17  0:58  Drone  
  18  1:08  Extractor  
  17  1:12  Spawning Pool  
  17  1:15  Drone  
  17  1:19  Drone  
  18  1:28  Drone  
  19  1:39  Drone  
  20  1:50  Overlord  
  20  2:00  Queen x2  
  24  2:01  Zergling x4  
  24  2:08  Metabolic Boost  
  26  2:12  Drone x2  
  28  2:22  Drone x2  
  30  2:36  Hatchery  
  29  2:40  Drone  
  30  2:47  Pneumatized Carapace  
  30  2:49  Drone x2  
  32  2:56  Overlord  
  32  3:00  Drone x2  
  34  3:07  Drone  
  34  3:10  Drone  
  36  3:16  Drone x2  
  36  3:17  Queen  
  36  3:19  Overlord  
  40  3:21  Drone  
  41  3:32  Queen  
  41  3:33  Drone  
  44  3:37  Drone  
  45  3:44  Zergling x2, Drone  
  47  3:48  Zergling x2  
  47  3:49  Zergling x8  
  47  3:50  Queen  
  54  3:58  Queen  
  54  4:00  Drone x2  
  58  4:05  Overlord  
  58  4:11  Overlord, Baneling Nest  
  57  4:18  Drone  
  57  4:23  Overlord  
  58  4:25  Lair, Spore Crawler  
  58  4:27  Spore Crawler  
  58  4:28  Spore Crawler  
  58  4:30  Drone  
  58  4:31  Drone x2  
  58  4:32  Drone x2  
  58  4:33  Drone  
  58  4:37  Drone x2  
  63  4:41  Drone x3  
  66  4:49  Queen, Overlord  
  68  4:53  Drone x2  
  68  4:59  Overlord  
  70  5:01  Overlord  
  70  5:05  Extractor  
  70  5:06  Extractor, Baneling x2  
  68  5:07  Drone x2  
  68  5:09  Drone x3  
  68  5:11  Zergling x2  
  68  5:12  Drone x2  
  75  5:16  Evolution Chamber, Drone  
  75  5:19  Drone  
  75  5:20  Drone x2  
  77  5:22  Drone  
  77  5:27  Overseer  
  78  5:29  Drone x2  
  78  5:32  Drone  
  78  5:33  Hydralisk Den  
  78  5:35  Extractor  
  79  5:37  Extractor  
  79  5:40  Drone x4  
  79  5:41  Overlord  
  82  5:43  Overlord  
  82  5:44  Drone x3  
  85  5:53  Overlord  
  85  5:54  Zerg Missile Weapons Level 1  
  83  5:57  Extractor  
  83  5:59  Queen  
  83  6:00  Drone  
  81  6:08  Drone x8  
  81  6:09  Drone  
  89  6:13  Zergling x2  
  89  6:14  Zergling x6  
  91  6:23  Centrifical Hooks  
  91  6:24  Muscular Augments  
  91  6:26  Drone  
  91  6:27  Drone  
  91  6:29  Drone  
  94  6:33  Hydralisk  
  94  6:38  Hydralisk x2  
  94  6:39  Hatchery  
  99  6:42  Hydralisk x2  
  103  6:48  Hydralisk x2  
  107  6:59  Hydralisk x3  
  113  7:06  Hydralisk  
  113  7:07  Hydralisk x3  
  120  7:14  Hydralisk  
  121  7:17  Overlord  
  121  7:18  Overlord  
  121  7:19  Zergling x2  
  122  7:23  Overlord  
  122  7:24  Overseer  
  122  7:25  Overlord  
  122  7:26  Overlord  
  122  7:29  Overlord  
  122  7:33  Baneling x8  
  122  7:35  Overlord, Grooved Spines  
  122  7:38  Hydralisk x3  
  122  7:43  Zergling x12  
  132  7:51  Zergling x4  
  132  7:55  Zergling x18  
  141  8:00  Zergling x2  
  141  8:03  Zergling x4  
  144  8:06  Queen  
  144  8:08  Zergling x4  
  148  8:14  Hydralisk x2  
  148  8:17  Overlord  
  147  8:21  Overlord  
  147  8:23  Overseer  
  147  8:24  Hydralisk x2  
  147  8:25  Zergling x4  
  147  8:26  Hydralisk  
  141  8:27  Zergling x12  
  141  8:29  Zergling x2  
  141  8:30  Zergling x4  
  141  8:33  Baneling x7  
  147  8:37  Hydralisk  
  147  8:38  Zergling x4  
  147  8:40  Zergling x2  
  147  8:42  Zergling x2  
  147  8:48  Baneling x8  
  145  8:54  Hydralisk x4  
  153  8:56  Baneling x3  
  153  8:58  Baneling x3  
  153  8:59  Zergling x2  
  154  9:04  Zergling x8  
  154  9:07  Overlord  
  154  9:09  Overlord  
  158  9:12  Overlord  
  158  9:13  Zergling x2  
  151  9:19  Zergling x6  
  151  9:22  Zergling x8  
  148  9:31  Infestation Pit  
Show
View Real Time Build Order
Export as new Build Order

MarineLorD Terran 

Build Orders: Gas First Reaper Expand, Hellion Banshee 

Get SALT Encoding   

  12  0:00  SCV  
  13  0:12  SCV  
  14  0:17  Supply Depot  
  14  0:24  SCV  
  15  0:29  Refinery  
  15  0:38  SCV  
  16  0:43  Barracks  
  16  0:50  SCV  
  17  1:03  SCV  
  18  1:15  SCV  
  19  1:29  Orbital Command  
  19  1:30  Reaper  
  20  1:41  Command Center  
  20  1:55  SCV  
  20  1:56  Factory  
  21  2:06  Barracks Reactor  
  21  2:07  Supply Depot  
  21  2:08  SCV  
  22  2:15  Refinery  
  22  2:20  SCV  
  23  2:32  SCV  
  24  2:43  Starport  
  24  2:45  SCV  
  24  2:49  Marine, Hellion x2  
  30  2:56  Orbital Command  
  30  2:57  SCV  
  31  3:09  SCV  
  32  3:13  Hellion x2  
  36  3:20  Starport Tech Lab  
  36  3:21  SCV x2  
  38  3:27  Supply Depot  
  38  3:33  SCV x2  
  40  3:40  Cloaking Field, Banshee  
  43  3:45  SCV  
  43  3:47  SCV  
  45  3:50  Supply Depot  
  45  3:54  Hellion x2  
  49  3:58  SCV  
  49  4:00  SCV  
  51  4:10  SCV  
  51  4:12  SCV  
  53  4:17  Command Center  
  53  4:20  Hellion  
  53  4:22  SCV  
  58  4:25  Banshee  
  58  4:27  SCV  
  62  4:35  Supply Depot  
  62  4:36  Supply Depot  
  62  4:37  SCV  
  61  4:40  Refinery  
  61  4:41  Refinery, SCV  
  62  4:57  SCV x2, Hellion x2  
  68  5:05  Armory  
  68  5:06  Factory  
  68  5:07  Factory  
  68  5:09  SCV  
  68  5:10  SCV  
  70  5:19  Hellion x2  
  70  5:21  SCV  
  75  5:22  SCV  
  76  5:32  Factory, Orbital Command  
  76  5:33  Factory  
  76  5:34  Starport Reactor  
  76  5:36  Supply Depot  
  76  5:37  SCV  
  77  5:45  SCV  
  78  5:50  Factory Tech Lab x2  
  78  5:52  Terran Vehicle And Ship Armor Level 1  
  78  5:53  SCV  
  79  5:57  SCV  
  79  6:00  SCV  
  81  6:05  SCV  
  81  6:07  Hellion x2  
  81  6:09  SCV  
  87  6:14  Cyclone  
  87  6:15  Cyclone, Mag-Field Accelerator  
  87  6:16  Cyclone  
  87  6:17  Factory Reactor  
  87  6:18  SCV  
  97  6:23  Orbital Command  
  97  6:24  SCV  
  98  6:30  SCV  
  99  6:36  Refinery x2, SCV, Supply Depot, Engineering Bay  
  99  6:39  Supply Depot  
  100  6:45  SCV  
  101  6:57  SCV x2, Hellion x2  
  101  6:58  SCV  
  107  7:05  Cyclone x2  
  110  7:09  SCV x2  
  110  7:16  SCV  
  110  7:17  Supply Depot  
  117  7:22  Hellion  
  117  7:23  Hellion x2  
  117  7:39  SCV x3  
  117  7:42  Supply Depot  
  120  7:51  SCV x2, Cyclone  
  125  7:56  Command Center  
  125  8:00  Infernal Pre-Igniter  
  125  8:03  SCV x2, Cyclone x2  
  133  8:23  Cyclone  
  133  8:26  Hellion x3  
  133  8:29  Supply Depot  
  133  8:30  Supply Depot  
  133  8:32  Supply Depot  
  133  8:37  Liberator x2  
  133  8:49  Supply Depot  
  133  8:51  SCV x3, Hellion x2  
  133  8:52  Cyclone x2  
  133  8:54  Command Center, Supply Depot  
  133  8:55  Cyclone  
  155  8:59  Supply Depot  
  155  9:03  SCV x2  
  155  9:08  SCV  
  158  9:15  SCV  
  147  9:22  SCV  
Tags
 
Add a new tag
Caveats
  • Supply blocks, unpowered buildings, or Contaminate may cause inaccurate times.
  • Supply counts are checked every 10 seconds.